 Dungeon Crawl Stone Soup version 0.17.1-2-g5865329 (webtiles) character file.

236 Agathe the Covered (level 5, 47/47 HPs)
             Began as a Minotaur Fighter on Feb 7, 2016.
             Was a Follower of Vehumet.
             Quit the game on level 3 of the Dungeon.
             The game lasted 00:07:18 (1502 turns).

Agathe the Covered (Minotaur Fighter)               Turns: 1502, Time: 00:07:18

Health: 47/47      AC:  7    Str: 21    XL:     5   Next: 77%
Magic:  4/4        EV:  8    Int:  6    God:    Vehumet [*.....]
Gold:   192        SH:  9    Dex:  9    Spells: 0 memorised, 4 levels left

rFire  . . .     SeeInvis .     a - +0 war axe
rCold  . . .     Clarity  .     b - +0 scale mail
rNeg   . . .     SustAt   .     c - +0 shield
rPois  .         Gourm    .     (helmet restricted)
rElec  .         Spirit   .     (no cloak)
rCorr  .         Warding  .     (no gloves)
rMut   .         Stasis   .     (no boots)
MR     .....                    (no amulet)
Stlth  ..........               (no ring)
                                (no ring)

@: not resistant to hostile enchantments, extremely unstealthy
A: retaliatory headbutt, horns 2
a: Renounce Religion


You were on level 3 of the Dungeon.
You worshipped Vehumet.
Vehumet was aware of your devotion.
You were not hungry.

You visited 1 branch of the dungeon, and saw 3 of its levels.

You collected 192 gold pieces.

Inventory:

Hand Weapons
 a - a +0 war axe (weapon)
 q - a +2 quarterstaff of chaos
Armour
 b - a +0 scale mail (worn)
 c - a +0 shield (worn)
Scrolls
 g - a scroll of fog {unknown}
 h - 3 scrolls of remove curse {unknown}
 i - a scroll of immolation {unknown}
 j - 3 scrolls of identify {unknown}
 k - a scroll of blinking {unknown}
 m - 2 scrolls of enchant weapon {unknown}
 n - 3 scrolls of noise {unknown}
 o - 2 scrolls of fear {unknown}
 r - a scroll of teleportation {unknown}
Potions
 d - 2 potions of might
 f - 3 potions of curing {unknown}
 l - 2 potions of degeneration {unknown}
 p - 3 potions of brilliance {unknown}
 s - a potion of cure mutation {unknown}
 u - a potion of poison {unknown}
 v - a potion of mutation {unknown}
Books
 t - a book of Clouds

   Spells                             Type                      Level
   a - Mephitic Cloud                 Conjuration/Poison/Air       3
   b - Conjure Flame                  Conjuration/Fire             3
   c - Poisonous Cloud                Conjuration/Poison/Air       6
   d - Freezing Cloud                 Conjuration/Ice/Air          6
   e - Ring of Flames                 Charms/Fire                  7
Comestibles
 e - 2 bread rations


   Skills:
 + Level 4.7 Fighting
 + Level 3.2 Axes
 + Level 5.4 Armour
 + Level 2.5 Dodging
 + Level 0.1 Stealth
 + Level 4.4 Shields


You had 4 spell levels left.
You didn't know any spells.

Dungeon Overview and Level Annotations

Branches:
Dungeon (3/15)

Altars:
Nemelex Xobeh
Qazlal
Vehumet
Xom
Yredelemnul


Innate Abilities, Weirdness & Mutations

You reflexively headbutt those who attack you in melee.
You have a pair of horns on your head.


Message History

You see here a bat corpse.
You see here a bat corpse.
HP restored.
Found a stone staircase leading down.
You open the door.
There is an open door here.
l - 2 red potions (gained 1)
Found 19 bolts.
Found a faded altar to an unknown god.
You see here 19 bolts.
There is a faded altar to an unknown god here.
This altar will convert you to a god.
You cannot discern which.
Do you pray? [Y]es or [N]o only, please.
This altar will convert you to a god.
You cannot discern which.
Do you pray? [Y]es or [N]o only, please.
This altar will convert you to a god.
You cannot discern which.
Do you pray? Vehumet accepts your prayer! Vehumet welcomes you!
You can now gain magical power from killing.
Vehumet offers you knowledge of Magic Dart.
Are you sure you want to abandon this character and quit the game? (Confirm with "yes".)

#######'###..#
#.......# #.# #...
#.......# #.# #...
#.......# ###.######
#.......### #......#
# ##.........#
#.#.##.# #
.......8...#
#.#.##.# #
......8.8..# #
#.##.# #
.....8.@.8.#
#.#.##.###
...#..8.8..##
#.........
#...8...(#
###.##...#
#........#
###.##...#
###..###.#
#.........
##.....###.#.##....
####..............
#...................
#......####.#.##....


There were no monsters in sight!

Vanquished Creatures
  The ghost of SwimG the Shooter, an amateur DDHu (D:3)
  Crazy Yiuf (D:2)
  Jessica (D:2)
  5 adders (D:2)
  An ooze (D:2)
  A giant gecko (D:3)
  An orc (D:3)
  5 bats
  2 giant cockroaches
  7 hobgoblins
  2 jackals (D:1)
  A ball python (D:1)
  6 giant newts
  5 goblins
  7 kobolds
  3 rats (D:2)
49 creatures vanquished.

Notes
Turn   | Place    | Note
--------------------------------------------------------------
     0 | D:1      | Agathe the Minotaur Fighter began the quest for the Orb.
     0 | D:1      | Reached XP level 1. HP: 19/19 MP: 0/0
   274 | D:1      | Reached skill level 4 in Armour
   275 | D:1      | Reached XP level 2. HP: 18/27 MP: 1/1
   705 | D:2      | Found a stormy altar of Qazlal.
   717 | D:2      | Found a shimmering altar of Xom.
   717 | D:2      | Found a basalt altar of Yredelemnul.
   719 | D:2      | Found a sparkling altar of Nemelex Xobeh.
   720 | D:2      | Reached XP level 3. HP: 30/33 MP: 2/2
   880 | D:2      | Noticed Jessica
   889 | D:2      | Killed Jessica
   889 | D:2      | Reached skill level 1 in Dodging
   889 | D:2      | Reached XP level 4. HP: 39/41 MP: 3/3
  1028 | D:2      | Reached skill level 5 in Armour
  1064 | D:2      | Noticed Crazy Yiuf
  1069 | D:2      | Killed Crazy Yiuf
  1069 | D:2      | Reached XP level 5. HP: 43/47 MP: 4/4
  1232 | D:3      | Noticed SwimG's ghost (amateur DDHu)
  1248 | D:3      | Killed SwimG's ghost
  1490 | D:3      | Found a faded altar to an unknown god.
  1502 | D:3      | Became a worshipper of Vehumet
  1502 | D:3      | Reached * piety under Vehumet
  1502 | D:3      | Offered knowledge of Magic Dart by Vehumet.
  1502 | D:3      | Quit the game

Action                   |  1- 3 |  4- 6 || total
-------------------------+-------+-------++-------
Melee: War axe           |    71 |    51 ||   122
  Eat: Bread ration      |       |     1 ||     1
